 Dungeon Crawl Stone Soup version 0.24.0-1-gfbc8707122 (webtiles) character file.

Game seed: 6169318994721174411, levelgen mode: deterministic

126 inmateoo the Skirmisher (level 4, -9/41 HPs)
             Began as a Minotaur Fighter on Oct 25, 2019.
             Killed by divine providence
             ... invoked by an orc priest
              (10 damage)
             ... on level 3 of the Dungeon.
             The game lasted 00:01:27 (1914 turns).

inmateoo the Skirmisher (Minotaur Fighter)          Turns: 1914, Time: 00:01:28

Health: -9/41      AC:  7    Str: 27    XL:     4   Next: 84%
Magic:  3/3        EV:  8    Int:  5    God:
Gold:   133        SH: 10    Dex:  9    Spells: 3/3 levels left

rFire    . . .     SeeInvis .   a - +0 war axe
rCold    . . .     Gourm    .   c - +0 shield
rNeg     . . .     Faith    .   b - +0 scale mail
rPois    .         Spirit   .   (helmet restricted)
rElec    .         Reflect  .   (no cloak)
rCorr    .         Harm     .   (no gloves)
MR       .....                  (no boots)
Stlth    ..........             (no amulet)
HPRegen  0.13/turn              (no ring)
MPRegen  0.08/turn              (no ring)

@: mighty
A: retaliatory headbutt, horns 2
a: no special abilities


You were on level 3 of the Dungeon.
You were not hungry.

You visited 1 branch of the dungeon, and saw 3 of its levels.

You collected 133 gold pieces.

Inventory:

Hand Weapons
 a - a +0 war axe (weapon)
Armour
 b - a +0 scale mail (worn)
 c - a +0 shield (worn)
Jewellery
 j - a +4 ring of strength {unknown}
Scrolls
 e - 3 scrolls of teleportation {unknown}
 i - 2 scrolls of remove curse {unknown}
 k - 2 scrolls of identify {unknown}
 m - a scroll of fear {unknown}
 s - a scroll of blinking {unknown}
Potions
 d - a potion of might
 g - a potion of brilliance {unknown}
 h - 2 potions of curing {unknown}
 l - a potion of lignification {unknown}
 n - a potion of cancellation {unknown}
 o - a potion of flight {unknown}
 p - a potion of heal wounds {unknown}
 q - a potion of agility {unknown}
 r - 2 potions of haste {unknown}
Comestibles
 f - a ration


   Skills:
 + Level 4.4 Fighting
 * Level 4.0 Axes
 + Level 4.3 Armour
 + Level 1.6 Dodging
 + Level 4.2 Shields


You had 3 spell levels left.
You didn't know any spells.
Your spell library was empty.

Dungeon Overview and Level Annotations

Branches:
Dungeon (3/15)

Altars:
Ashenzari


Innate Abilities, Weirdness & Mutations

You reflexively headbutt those who attack you in melee.
You have a pair of horns on your head.


Message History

The orc barely misses you. You block the orc priest's attack.
You hit the orc. You headbutt the orc.
You kill the orc!
The orc priest hits you from afar with a +0 trident.
* * * LOW HITPOINT WARNING * * *
The orc priest hits you from afar with a +0 trident.
* * * LOW HITPOINT WARNING * * *
Unknown command.
Unknown command.
Okay, then.
You slash the orc!
You kill the orc!
The orc closely misses you.
The orc priest hits you from afar with a +0 trident.
* * * LOW HITPOINT WARNING * * *
Unknown command.
The orc hits you but does no damage.
The orc priest invokes the aid of Beogh against you.
Beogh smites you!
You die...

#.####o####..####
#......†.......?>
#.....###..##### #.#####
#.## ###### #.# #.# #.....
#.# #.# #..... #.#
#w##########.....
##.#######o...............
#.#......@o..†>....##.....
##.###############.####.#.
### #.# #... #.# ##.# #.#
#.# #.#####.# #.......#
#########


You could see an orc priest, a dart slug and an orc.

Vanquished Creatures
  Terence (D:2)
  2 adders (D:2)
  3 dart slugs
  A worm (D:2)
  8 orcs (D:3)
  3 bats
  2 giant cockroaches
  7 hobgoblins
  7 jackals (D:1)
  A ball python (D:2)
  3 frilled lizards
  10 goblins
  6 kobolds
  9 rats
63 creatures vanquished.

Notes
Turn   | Place    | Note
-------+----------+-------------------------------------------
     0 | D:1      | inmateoo the Minotaur Fighter began the quest for the Orb.
     0 | D:1      | Reached XP level 1. HP: 19/19 MP: 0/0
    95 | D:1      | Reached XP level 2. HP: 27/27 MP: 1/1
   381 | D:1      | Reached XP level 3. HP: 33/33 MP: 2/2
   444 | D:1      | Reached skill level 1 in Dodging
   876 | D:2      | Noticed Terence
   882 | D:2      | Killed Terence
   882 | D:2      | Reached XP level 4. HP: 40/40 MP: 3/3
  1892 | D:3      | Found a shattered altar of Ashenzari.
  1913 | D:3      | HP: 1/41 [orc priest/+0 trident (2)]
  1914 | D:3      | Killed from afar by an orc priest

Levels and vault maps discovered:
D:1:      saegor_arrival_simple_d, layout_loops_cross
D:2:      layout_basic, palyth_stone_intersect, uniq_terence
D:3:      layout_loops_ring, old_standard_altar,
          amethyst_overflow_temple_binary, ebering_ghost_inner_flame

Skill      XL: |  1  2  3  4 |
---------------+-------------+-----
Axes           | 3 4 |  4.0
Fighting       | 4 |  4.4
Armour         | 4 |  4.3
Dodging        | 1 |  1.6
Shields        | 4 |  4.2

Action                   |  1- 3 |  4- 6 || total
-------------------------+-------+-------++-------
Melee: War axe           |    78 |    51 ||   129
       Headbutt          |    13 |     6 ||    19
  Use: Potion            |       |     1 ||     1
  Eat: Chunk             |       |     3 ||     3
Armor: Scale mail        |    35 |    23 ||    58
Dodge: Dodged            |    19 |    26 ||    45
Block: Shield            |    38 |    33 ||    71
